[Event "WSTCC-50 2024"]
[Site "Krakow"]
[Date "2024.07.05"]
[Round "4.16"]
[White "Buriene, Regina"]
[Black "Van Bentum, Horst"]
[Result "1/2-1/2"]
[ECO "C88"]
[WhiteElo "1904"]
[BlackElo "1951"]
[Annotator "NA RC"]
[PlyCount "39"]
[EventDate "2024.07.01"]
[EventType "team-tourn"]
[EventCountry "POL"]
[SourceTitle "playchess.com"]
[Source "ChessBase"]
[SourceQuality "1"]
[TimeControl "40/5400+30:1800+30"]

1. e4 e5 2. Nf3 Nc6 3. Bb5 a6 4. Ba4 Nf6 5. O-O Be7 6. Re1 b5 7. Bb3 d6 8. h3 Na5 9. c3 Nxb3 10. axb3 c5 11. c4 Bd7 12. d3 O-O 13. Nc3 Qc7 14. Nh2 b4 15. Ne2 Ne8 16. f4 f5 17. Nf3 Bf6 18. fxe5 dxe5 19. exf5 Bxf5 20. Ng3 1/2-1/2

[Event "WSTCC-50 2024"]
[Site "Krakow"]
[Date "2024.07.05"]
[Round "4.16"]
[White "Schutte, Andre"]
[Black "Jahn, Constanze"]
[Result "1/2-1/2"]
[ECO "B20"]
[WhiteElo "1817"]
[BlackElo "2051"]
[Annotator "RC"]
[PlyCount "114"]
[EventDate "2024.07.01"]
[EventType "team-tourn"]
[EventCountry "POL"]
[SourceTitle "playchess.com"]
[Source "ChessBase"]
[SourceQuality "1"]
[TimeControl "40/5400+30:1800+30"]

1. e4 c5 2. c4 Nc6 3. Nc3 d6 4. g3 g6 5. Bg2 Bg7 6. Nge2 Bd7 7. O-O h5 8. h3 Nh6 9. d3 O-O 10. Kh2 Kh7 11. f4 e6 12. Be3 Nd4 13. Qd2 Rb8 14. Rab1 a6 15. Nd1 Nxe2 16. Qxe2 b5 17. b3 bxc4 18. dxc4 Rc8 19. Nf2 f5 20. Rfd1 Qe7 21. Qd3 Nf7 22. e5 Bc6 23. Bxc6 Rxc6 24. exd6 Qd7 25. Qe2 Nxd6 26. Nd3 Qc7 27. Nf2 Re8 28. Rd2 e5 29. Qf3 e4 30. Qe2 Nf7 31. Rbd1 Rd6 32. Rd5 Rxd5 33. Rxd5 Bf8 34. g4 hxg4 35. hxg4 Bd6 36. Nh3 fxg4 37. Qxg4 Nh6 38. Qg5 Be7 39. Qg2 Bd6 40. Kg1 Nf5 41. Ng5+ Kh8 42. Qh3+ Kg8 43. Rxf5 gxf5 44. Qxf5 Rf8 45. Qg6+ Qg7 46. Qxg7+ Kxg7 47. Ne6+ Kf6 48. Nxf8 Bxf8 49. Kg2 Kf5 50. Kg3 Be7 51. a3 Bf8 52. Bd2 Bd6 53. b4 e3 54. Bxe3 cxb4 55. axb4 Bxb4 56. c5 Ba5 57. Kf3 Bc7 1/2-1/2

[Event "WSTCC-50 2024"]
[Site "Krakow"]
[Date "2024.07.05"]
[Round "4.17"]
[White "Crocker, Philip J"]
[Black "Osiecki, Stanislaw"]
[Result "1-0"]
[ECO "E68"]
[WhiteElo "2122"]
[BlackElo "1986"]
[Annotator "RC"]
[PlyCount "121"]
[EventDate "2024.07.01"]
[EventType "team-tourn"]
[EventCountry "POL"]
[SourceTitle "playchess.com"]
[Source "ChessBase"]
[SourceQuality "1"]
[TimeControl "40/5400+30:1800+30"]

1. d4 Nf6 2. c4 g6 3. g3 Bg7 4. Bg2 d6 5. Nf3 O-O 6. O-O Nbd7 7. Nc3 e5 8. e4 exd4 9. Nxd4 a5 10. h3 Nc5 11. Re1 Re8 12. Ndb5 Be6 13. Bf1 Qd7 14. Kh2 Rad8 15. Bf4 Nh5 16. Bg5 Bf6 17. Bxf6 Nxf6 18. Qd4 Nh5 19. Rad1 b6 20. e5 Ng7 21. g4 Re7 22. exd6 cxd6 23. Qxd6 Qxd6+ 24. Rxd6 Rxd6 25. Nxd6 Rd7 26. Ncb5 Nb7 27. Nxb7 Rxb7 28. Rd1 Rb8 29. Kg3 Kf8 30. b3 Ke7 31. Bg2 g5 32. f4 gxf4+ 33. Kxf4 h5 34. Nd4 Bd7 35. Nf5+ Nxf5 36. gxf5 f6 37. Bf3 h4 38. Rg1 Kd6 39. Rg6 Rf8 40. Rh6 Kc5 41. Rxh4 a4 42. Rh7 Bc8 43. h4 axb3 44. axb3 Kb4 45. Bd5 b5 46. cxb5 Kxb5 47. h5 Kc5 48. Be6 Bxe6 49. fxe6 Rb8 50. Kf5 Rxb3 51. Kxf6 Rf3+ 52. Ke7 Ra3 53. Rh8 Kd5 54. Rg8 Rh3 55. Rg5+ Kc6 56. Re5 Rf3 57. Re1 Rh3 58. Rc1+ Kd5 59. Kd7 Rxh5 60. e7 Rh7 61. Kd8 1-0

[Event "WSTCC-50 2024"]
[Site "Krakow"]
[Date "2024.07.05"]
[Round "4.17"]
[White "Slabek, Grzegorz"]
[Black "Kirby, Peter J."]
[Result "1-0"]
[ECO "D04"]
[WhiteElo "1962"]
[BlackElo "1984"]
[Annotator "NA RC"]
[PlyCount "69"]
[EventDate "2024.07.01"]
[EventType "team-tourn"]
[EventCountry "POL"]
[SourceTitle "playchess.com"]
[Source "ChessBase"]
[SourceQuality "1"]
[TimeControl "40/5400+30:1800+30"]

1. d4 d5 2. Nf3 Nf6 3. e3 c5 4. Be2 Nc6 5. O-O Bg4 6. b3 cxd4 7. Nxd4 Bxe2 8. Qxe2 e6 9. Bb2 Be7 10. Nd2 Rc8 11. c4 O-O 12. Rfd1 Nxd4 13. Bxd4 Bc5 14. Bxc5 Rxc5 15. b4 Rc7 16. c5 Qd7 17. Qd3 Rd8 18. Qd4 Qa4 19. a3 Re8 20. Qe5 Rce7 21. h3 Qc6 22. Nb3 Ne4 23. Qd4 Rd7 24. a4 e5 25. Qb2 a6 26. Na5 Qf6 27. Nc4 d4 28. exd4 exd4 29. Re1 Rdd8 30. f3 Nc3 31. Nd6 Rxe1+ 32. Rxe1 Nxa4 33. Qe2 h6 34. Qd3 b5 35. Ne4 1-0

[Event "WSTCC-50 2024"]
[Site "Krakow"]
[Date "2024.07.05"]
[Round "4.18"]
[White "Sielicki, Tomasz"]
[Black "Burrows, Martin P"]
[Result "1/2-1/2"]
[ECO "C01"]
[WhiteElo "2017"]
[BlackElo "2019"]
[Annotator "NA RC"]
[PlyCount "38"]
[EventDate "2024.07.01"]
[EventType "team-tourn"]
[EventCountry "POL"]
[SourceTitle "playchess.com"]
[Source "ChessBase"]
[SourceQuality "1"]
[TimeControl "40/5400+30:1800+30"]

1. d4 e6 2. e4 d5 3. exd5 exd5 4. Nf3 c6 5. Bd3 Bd6 6. O-O Ne7 7. c4 dxc4 8. Bxc4 O-O 9. Bg5 Nd7 10. Re1 Nb6 11. Bb3 Qc7 12. Nc3 Ned5 13. Rc1 Be6 14. Nb5 Qb8 15. Nxd6 Qxd6 16. Bh4 Rfe8 17. Bg3 Qf8 18. Bc2 h6 19. a3 Nd7 1/2-1/2

[Event "WSTCC-50 2024"]
[Site "Krakow"]
[Date "2024.07.05"]
[Round "4.18"]
[White "Rowe, Peter"]
[Black "Kawula, Andrzej"]
[Result "1-0"]
[ECO "D02"]
[WhiteElo "1960"]
[BlackElo "1847"]
[Annotator "RC"]
[PlyCount "139"]
[EventDate "2024.07.01"]
[EventType "team-tourn"]
[EventCountry "POL"]
[SourceTitle "playchess.com"]
[Source "ChessBase"]
[SourceQuality "1"]
[TimeControl "40/5400+30:1800+30"]

1. d4 d5 2. Nf3 e6 3. Bf4 f5 4. e3 Nf6 5. h3 Bd6 6. Ne5 O-O 7. Be2 c5 8. c3 Nc6 9. Nd2 Bxe5 10. Bxe5 Nxe5 11. dxe5 Nd7 12. f4 Qh4+ 13. Kf1 c4 14. Nf3 Qe7 15. Nd4 Nc5 16. Qe1 Bd7 17. Rb1 b5 18. Kg1 Kh8 19. Kh2 g5 20. g3 Rg8 21. Bd1 Nd3 22. Qd2 Qg7 23. Rg1 Qh6 24. Bc2 gxf4 25. exf4 Nxe5 26. Rbe1 Ng4+ 27. Kg2 Nf6 28. Nxe6 Bxe6 29. Rxe6 Qg7 30. Kh2 Ne4 31. Qxd5 Rad8 32. Qe5 Rd2+ 33. Rg2 Qxe5 34. Rxe5 Rxg2+ 35. Kxg2 Rxg3+ 36. Kh2 Re3 37. Bxe4 fxe4 38. Rxb5 Rf3 39. Re5 e3 40. Kg2 Rf2+ 41. Kg3 Rxb2 42. Rxe3 Rxa2 43. Re4 Ra4 44. Kg4 Kg7 45. Kf5 Ra5+ 46. Ke6 Rh5 47. Rxc4 Rxh3 48. Rc7+ Kh6 49. c4 Re3+ 50. Kf6 a5 51. Rc5 a4 52. f5 a3 53. Ra5 Rc3 54. c5 Kh5 55. Kf7 a2 56. Rxa2 Rxc5 57. f6 Rc7+ 58. Kg8 Kg4 59. Rg2+ Kf5 60. f7 Rxf7 61. Kxf7 h5 62. Kg7 h4 63. Kh6 Kf4 64. Kh5 h3 65. Ra2 Kg3 66. Ra3+ Kg2 67. Kg4 h2 68. Ra2+ Kg1 69. Kg3 h1=N+ 70. Kf3 1-0

[Event "WSTCC-50 2024"]
[Site "Krakow"]
[Date "2024.07.05"]
[Round "4.19"]
[White "Fraser-Mitchell, Jeremy N"]
[Black "Flis, Pawel"]
[Result "0-1"]
[ECO "A45"]
[WhiteElo "2036"]
[BlackElo "1980"]
[Annotator "NA RC"]
[PlyCount "54"]
[EventDate "2024.07.01"]
[EventType "team-tourn"]
[EventCountry "POL"]
[SourceTitle "playchess.com"]
[Source "ChessBase"]
[SourceQuality "1"]
[TimeControl "40/5400+30:1800+30"]

1. d4 Nf6 2. Nc3 c5 3. dxc5 e6 4. e4 Bxc5 5. e5 Nd5 6. Nxd5 exd5 7. Qxd5 Qb6 8. Nh3 d6 9. Ng5 Bxf2+ 10. Kd1 O-O 11. exd6 Nc6 12. c3 h6 13. Ne4 Be6 14. Qh5 Be3 15. Bd3 f5 16. Ng3 Bxc1 17. Kxc1 Qe3+ 18. Kc2 Nd4+ 19. cxd4 Rac8+ 20. Kd1 Qxd3+ 21. Ke1 Rc2 22. Qd1 Qe3+ 23. Ne2 Rxb2 24. Rc1 Rxe2+ 25. Qxe2 Qxc1+ 26. Kf2 Qf4+ 27. Ke1 Qxd6 0-1

[Event "WSTCC-50 2024"]
[Site "Krakow"]
[Date "2024.07.05"]
[Round "4.19"]
[White "Czernicki, Bogdan"]
[Black "Brookfield, Toby"]
[Result "1/2-1/2"]
[ECO "D05"]
[WhiteElo "1886"]
[BlackElo "1894"]
[Annotator "NA RC"]
[PlyCount "47"]
[EventDate "2024.07.01"]
[EventType "team-tourn"]
[EventCountry "POL"]
[SourceTitle "playchess.com"]
[Source "ChessBase"]
[SourceQuality "1"]
[TimeControl "40/5400+30:1800+30"]

1. d4 Nf6 2. Nf3 c5 3. e3 e6 4. Bd3 d5 5. c3 Nc6 6. O-O Bd6 7. dxc5 Bxc5 8. b4 Bd6 9. b5 Ne7 10. Nbd2 O-O 11. c4 Ng6 12. Bb2 Re8 13. Qc2 Qe7 14. Rac1 b6 15. Bxg6 hxg6 16. Ne5 Bb7 17. Ndf3 Rac8 18. Qa4 dxc4 19. Rxc4 Rxc4 20. Qxc4 Bd5 21. Qc2 Bc5 22. Ng5 Rf8 23. e4 Ba8 24. Rd1 1/2-1/2

[Event "WSTCC-50 2024"]
[Site "Krakow"]
[Date "2024.07.05"]
[Round "4.20"]
[White "Zielinski, Olgierd"]
[Black "Noyce, Robert C"]
[Result "1/2-1/2"]
[ECO "B01"]
[WhiteElo "1913"]
[BlackElo "2088"]
[Annotator "NA RC"]
[PlyCount "30"]
[EventDate "2024.07.01"]
[EventType "team-tourn"]
[EventCountry "POL"]
[SourceTitle "playchess.com"]
[Source "ChessBase"]
[SourceQuality "1"]
[TimeControl "40/5400+30:1800+30"]

1. e4 d5 2. exd5 Nf6 3. Nf3 Nxd5 4. d4 g6 5. c4 Nb6 6. Nc3 Bg4 7. c5 N6d7 8. h3 Bxf3 9. Qxf3 c6 10. Bc4 Nf6 11. Be3 Bg7 12. O-O O-O 13. Rad1 e6 14. Bg5 h6 15. Be3 Nbd7 1/2-1/2

[Event "WSTCC-50 2024"]
[Site "Krakow"]
[Date "2024.07.05"]
[Round "4.20"]
[White "Morgan, Jamie"]
[Black "Skorecki, Janusz"]
[Result "1-0"]
[ECO "C24"]
[WhiteElo "1843"]
[BlackElo "1729"]
[Annotator "NA RC"]
[PlyCount "89"]
[EventDate "2024.07.01"]
[EventType "team-tourn"]
[EventCountry "POL"]
[SourceTitle "playchess.com"]
[Source "ChessBase"]
[SourceQuality "1"]
[TimeControl "40/5400+30:1800+30"]

1. e4 e5 2. Bc4 Nf6 3. d3 Be7 4. Nc3 O-O 5. Nf3 Nc6 6. O-O d6 7. Ne2 Na5 8. Bb3 Nxb3 9. axb3 Bg4 10. Ng3 a6 11. h3 Bd7 12. Bd2 Ne8 13. Nf5 Bxf5 14. exf5 Bf6 15. Bc3 c6 16. Re1 Nc7 17. Nd2 Nd5 18. Ne4 Nxc3 19. bxc3 d5 20. Nxf6+ Qxf6 21. Qf3 Rfe8 22. Re2 e4 23. dxe4 Rxe4 24. Rxe4 dxe4 25. Qxe4 Qxc3 26. Rd1 Kf8 27. Qh4 Re8 28. Qxh7 Re1+ 29. Rxe1 Qxe1+ 30. Kh2 Qxf2 31. Qh8+ Ke7 32. Qb8 Qb6 33. Qe5+ Kf8 34. Qb8+ Ke7 35. Qe5+ Kf8 36. f6 gxf6 37. Qxf6 Qc7+ 38. Kh1 Qd7 39. h4 Qd1+ 40. Kh2 Qxc2 41. h5 Qh7 42. h6 Ke8 43. Qg7 Qf5 44. h7 Qh5+ 45. Kg3 1-0

[Event "WSTCC-50 2024"]
[Site "Krakow"]
[Date "2024.07.05"]
[Round "4.21"]
[White "Mitchell, Martin"]
[Black "Schuster, Karsten"]
[Result "1-0"]
[ECO "A46"]
[WhiteElo "2159"]
[BlackElo "2307"]
[Annotator "TA"]
[PlyCount "132"]
[EventDate "2024.07.01"]
[EventType "team-tourn"]
[EventCountry "POL"]
[SourceTitle "playchess.com"]
[Source "ChessBase"]
[SourceQuality "1"]
[TimeControl "40/5400+30:1800+30"]

1. d4 Nf6 2. Nf3 e6 3. Bf4 b6 4. e3 Bb7 5. Bd3 Be7 6. h3 O-O 7. O-O {[%emt 0:03:47] A47: 1 d4 Nf6 2 Nf3 b6: Torre, London and Colle Systems.} Ne4 8. c4 f5 9. Nfd2 Nxd2 10. Nxd2 d6 11. Be2 $146 ({Predecessor:} 11. Qc2 Nd7 12. Bh2 Qe8 13. d5 Nc5 14. dxe6 Nxd3 15. Qxd3 Bf6 16. Rab1 Qxe6 17. Nb3 {0-1 Caliebe,N (1617)-Rosmait,E (1911) GER-chT Lands U20 2016 (5.7)}) 11... Nd7 12. Bf3 c6 13. b4 e5 14. Bh2 Qc7 15. Qb3 Kh8 16. Rac1 Bf6 17. c5 bxc5 18. bxc5 dxc5 19. dxe5 Bxe5 20. Bxe5 Nxe5 21. Rxc5 Ba6 22. Ra1 Qd6 ({Black should try} 22... f4) 23. Qc3 $16 Rae8 24. Ra5 c5 25. Rxc5 Rc8 26. Rc1 (26. Qxe5 Qxc5 27. Qf4 Qb6 $17) 26... h6 (26... Qxc5 $2 27. Qxc5 Nxf3+ 28. Nxf3 $18) 27. Qd4 (27. Qxe5 $2 Qxe5 (27... Qxd2 $2 28. Rxc8 Rxc8 29. Rxc8+ Bxc8 30. Qe8+ Kh7 31. Qxc8 $18) 28. Rxe5 Rxc1+ 29. Kh2 Rc2 $19) 27... Nxf3+ (27... Qxd4 $16 28. exd4 Nd3 29. Rxc8 Rxc8 30. Rxc8+ Bxc8) 28. Nxf3 $18 Qxd4 29. Nxd4 Rxc5 30. Rxc5 Bd3 31. Rc7 a6 32. Ne6 Rg8 33. a4 g5 34. Nc5 Be2 35. Rc6 Kh7 36. Rf6 f4 37. exf4 gxf4 38. Rxf4 ({But not} 38. Nxa6 Kg7 39. Rc6 (39. Rxf4 Bxa6 40. Rg4+ Kh7 $14) 39... Kh7 40. Rc7+ Kh8) 38... Rg5 39. Ne4 Rg6 (39... Ra5 $142 40. Nf6+ Kg7 41. Ne8+ Kh7) 40. Nc3 $18 Bd3 41. Rd4 Bc2 42. Rd7+ Kh8 43. Rc7 Rd6 44. Kh2 Kg8 45. f4 Rd4 46. a5 h5 (46... Bd3 $142 47. Kg3 Bf1) 47. Kg3 $18 Bb3 48. Rc5 Kg7 49. Kf3 (49. Rxh5 Rd3+ 50. Kh4 Rxc3 $11) 49... Bc4 $2 (49... Rd3+ {was called for.} 50. Ke2 Rg3) 50. Ne2 $18 ({And not} 50. Rxh5 Rd3+ 51. Kf2 Rxc3 $11) 50... Bxe2+ (50... Rd3+ $142 51. Ke4 Rd2) 51. Kxe2 $18 Rxf4 52. Rxh5 Ra4 53. Kf3 Ra3+ 54. Kg4 Kg6 55. Rc5 Ra4+ 56. Kg3 Kg7 57. h4 Kh7 58. Kh3 Kg7 59. g3 Kh7 60. h5 Kg7 61. g4 Kh7 62. Kh4 Kg7 63. Kg5 Kf7 64. h6 Ra1 65. Rc7+ Ke6 66. Rc6+ Kd5 1-0

[Event "WSTCC-50 2024"]
[Site "Krakow"]
[Date "2024.07.05"]
[Round "4.21"]
[White "Rasalingam, Haran"]
[Black "Mertens, Marc"]
[Result "0-1"]
[ECO "B24"]
[WhiteElo "1944"]
[BlackElo "2142"]
[Annotator "RC"]
[PlyCount "90"]
[EventDate "2024.07.01"]
[EventType "team-tourn"]
[EventCountry "POL"]
[SourceTitle "playchess.com"]
[Source "ChessBase"]
[SourceQuality "1"]
[TimeControl "40/5400+30:1800+30"]

1. e4 c5 2. Nc3 Nc6 3. Bb5 Nd4 4. Nf3 Nxb5 5. Nxb5 e6 6. d4 a6 7. Nc3 b5 8. O-O Bb7 9. Re1 d6 10. a4 b4 11. Ne2 Nf6 12. Bg5 Bxe4 13. Ng3 Bg6 14. d5 e5 15. Nxe5 dxe5 16. Rxe5+ Kd7 17. d6 Bxd6 18. Rxc5 Qb6 19. Be3 Rhe8 20. Rb5 Qc6 21. Rxb4 Rab8 22. Rd4 Re6 23. h4 Qxc2 24. Qf1 Qxb2 25. Rad1 Qb7 26. Bf4 Ne8 27. h5 Bc2 28. Rc1 Rc8 29. Rd2 Bxa4 30. Rb1 Bb5 31. Qd1 g6 32. Qg4 Rc6 33. hxg6 hxg6 34. Ne2 Nf6 35. Qh3 Ke7 36. Bg5 Bc5 37. Nf4 Rcd6 38. Rbd1 Qb6 39. Nd5+ Rxd5 40. Rxd5 Bxf2+ 41. Kh1 Be3 42. Bh4 Bc6 43. R5d3 g5 44. Re1 Bf4 45. Qf5 Be4 0-1

[Event "WSTCC-50 2024"]
[Site "Krakow"]
[Date "2024.07.05"]
[Round "4.22"]
[White "Grawe, Christian"]
[Black "Dawson, Alastair"]
[Result "1-0"]
[ECO "C10"]
[WhiteElo "2232"]
[BlackElo "1850"]
[Annotator "RC"]
[PlyCount "101"]
[EventDate "2024.07.01"]
[EventType "team-tourn"]
[EventCountry "POL"]
[SourceTitle "playchess.com"]
[Source "ChessBase"]
[SourceQuality "1"]
[TimeControl "40/5400+30:1800+30"]

1. e4 e6 2. d4 d5 3. Nc3 dxe4 4. Nxe4 Bd7 5. Nf3 Bc6 6. Bd3 Nd7 7. Bf4 Be7 8. c3 Ngf6 9. Qe2 Bxe4 10. Bxe4 Nxe4 11. Qxe4 c6 12. O-O O-O 13. Rfd1 Qa5 14. c4 Rad8 15. a3 Nf6 16. Qc2 Bd6 17. Bg5 Be7 18. b4 Qc7 19. Rd3 h6 20. Bh4 Nh5 21. Bxe7 Qxe7 22. g3 Nf6 23. Rad1 Rc8 24. Ne5 Qd6 25. Qe2 b5 26. Rf3 Qe7 27. cxb5 cxb5 28. Qxb5 Nd5 29. Qd7 Qxd7 30. Nxd7 Rfd8 31. Nc5 Nf6 32. Rfd3 Rd5 33. Kg2 Rcd8 34. f4 Ne8 35. Ne4 f6 36. Kf3 Kf7 37. Nc3 R5d7 38. d5 exd5 39. Rxd5 Rxd5 40. Rxd5 Rxd5 41. Nxd5 Ke6 42. Nc3 f5 43. Ke3 Nc7 44. Kd4 Kd6 45. Kc4 g5 46. Nb5+ Nxb5 47. Kxb5 gxf4 48. gxf4 Kd5 49. Ka6 Ke4 50. b5 Kxf4 51. Kxa7 1-0

[Event "WSTCC-50 2024"]
[Site "Krakow"]
[Date "2024.07.05"]
[Round "4.22"]
[White "Haensel, Jean-Marie"]
[Black "Wilson, Edgar"]
[Result "0-1"]
[ECO "D53"]
[WhiteElo "1868"]
[BlackElo "1912"]
[Annotator "NA RC"]
[PlyCount "44"]
[EventDate "2024.07.01"]
[EventType "team-tourn"]
[EventCountry "POL"]
[SourceTitle "playchess.com"]
[Source "ChessBase"]
[SourceQuality "1"]
[TimeControl "40/5400+30:1800+30"]

1. d4 d5 2. c4 e6 3. Nc3 Nf6 4. Bg5 Be7 5. cxd5 exd5 6. Qc2 h6 7. Bh4 O-O 8. e3 Re8 9. Rc1 c5 10. dxc5 d4 11. Nd1 Qa5+ 12. Qd2 Qxd2+ 13. Kxd2 Ne4+ 14. Ke2 Bxh4 15. f3 Nf2 16. Nxf2 Rxe3+ 17. Kd2 Bxf2 18. Nh3 Bxh3 19. gxh3 Nc6 20. Bg2 Rae8 21. Rcd1 Re2+ 22. Kc1 Be3+ 0-1

[Event "WSTCC-50 2024"]
[Site "Krakow"]
[Date "2024.07.05"]
[Round "4.23"]
[White "Aird, Ian"]
[Black "Pieper, Thomas"]
[Result "0-1"]
[ECO "C47"]
[WhiteElo "1840"]
[BlackElo "2170"]
[Annotator "RC"]
[PlyCount "32"]
[EventDate "2024.07.01"]
[EventType "team-tourn"]
[EventCountry "POL"]
[SourceTitle "playchess.com"]
[Source "ChessBase"]
[SourceQuality "1"]
[TimeControl "40/5400+30:1800+30"]

1. e4 e5 2. Nf3 Nc6 3. Nc3 Nf6 4. d4 exd4 5. Nxd4 Bb4 6. Nxc6 bxc6 7. Bd3 d5 8. exd5 cxd5 9. O-O O-O 10. h3 Rb8 11. Be3 a5 12. a3 Be7 13. Na4 Bd7 14. c4 Bc6 15. Rb1 dxc4 16. Bxc4 Qxd1 0-1

[Event "WSTCC-50 2024"]
[Site "Krakow"]
[Date "2024.07.05"]
[Round "4.23"]
[White "De Winter, Kevin"]
[Black "Kohnen, Marc"]
[Result "1/2-1/2"]
[ECO "C00"]
[WhiteElo "1803"]
[BlackElo "1837"]
[Annotator "NA RC"]
[PlyCount "61"]
[EventDate "2024.07.01"]
[EventType "team-tourn"]
[EventCountry "POL"]
[SourceTitle "playchess.com"]
[Source "ChessBase"]
[SourceQuality "1"]
[TimeControl "40/5400+30:1800+30"]

1. e4 e6 2. d3 c5 3. Nd2 d5 4. Ngf3 Nc6 5. g3 d4 6. Bg2 e5 7. O-O Nge7 8. Nc4 Ng6 9. a4 Be7 10. h4 Bg4 11. Qd2 O-O 12. Nh2 Be6 13. b3 Bf6 14. Ba3 b6 15. h5 Nh8 16. Qe2 Qd7 17. Bc1 Rac8 18. Bd2 Qe7 19. Ng4 Bxc4 20. Nxf6+ Qxf6 21. bxc4 g6 22. Qg4 Qg7 23. h6 Qf6 24. f4 Rc7 25. f5 Qd6 26. Bh3 f6 27. fxg6 Nxg6 28. Rf2 Kh8 29. Qe6 Qxe6 30. Bxe6 Nd8 31. Bd5 1/2-1/2

[Event "WSTCC-50 2024"]
[Site "Krakow"]
[Date "2024.07.05"]
[Round "4.24"]
[White "Scheckenbach, Franz"]
[Black "Heatlie, Douglas S"]
[Result "1-0"]
[ECO "C50"]
[WhiteElo "2072"]
[BlackElo "1834"]
[Annotator "NA RC"]
[PlyCount "61"]
[EventDate "2024.07.01"]
[EventType "team-tourn"]
[EventCountry "POL"]
[SourceTitle "playchess.com"]
[Source "ChessBase"]
[SourceQuality "1"]
[TimeControl "40/5400+30:1800+30"]

1. e4 e5 2. Nf3 Nc6 3. Bc4 h6 4. c3 d6 5. h3 Nf6 6. Qe2 Qe7 7. d3 Bd7 8. b4 a6 9. a4 Be6 10. Na3 g6 11. O-O Bg7 12. Bxe6 fxe6 13. Nc4 O-O 14. Nh4 Qe8 15. g3 g5 16. Ng2 Qg6 17. Kh2 Rf7 18. Nce3 h5 19. f4 exf4 20. gxf4 Nxe4 21. dxe4 Bxc3 22. f5 exf5 23. exf5 Qf6 24. Rb1 h4 25. Ng4 Qg7 26. Bb2 Re7 27. Qc4+ d5 28. Qxc3 Qxc3 29. Bxc3 d4 30. Bd2 Re4 31. Nf6+ 1-0

[Event "WSTCC-50 2024"]
[Site "Krakow"]
[Date "2024.07.05"]
[Round "4.24"]
[White "Kayser, Pierrot"]
[Black "Proudfoot, Andy"]
[Result "1/2-1/2"]
[ECO "E11"]
[WhiteElo "1764"]
[BlackElo "1607"]
[Annotator "NA RC"]
[PlyCount "30"]
[EventDate "2024.07.01"]
[EventType "team-tourn"]
[EventCountry "POL"]
[SourceTitle "playchess.com"]
[Source "ChessBase"]
[SourceQuality "1"]
[TimeControl "40/5400+30:1800+30"]

1. d4 Nf6 2. Nf3 e6 3. c4 Bb4+ 4. Bd2 Nc6 5. a3 Bxd2+ 6. Nbxd2 d5 7. e3 O-O 8. Bd3 Re8 9. Qc2 e5 10. dxe5 Nxe5 11. Nxe5 Rxe5 12. Nf3 Rh5 13. O-O-O Qe7 14. Kb1 dxc4 15. Qxc4 Bf5 1/2-1/2

[Event "WSTCC-50 2024"]
[Site "Krakow"]
[Date "2024.07.06"]
[Round "5.1"]
[White "Olafsson, Helgi"]
[Black "David, Alberto"]
[Result "1-0"]
[ECO "E18"]
[WhiteElo "2466"]
[BlackElo "2502"]
[Annotator "TA"]
[PlyCount "77"]
[EventDate "2024.07.01"]
[EventType "team-tourn"]
[EventCountry "POL"]
[SourceTitle "playchess.com"]
[Source "ChessBase"]
[SourceQuality "1"]
[TimeControl "40/5400+30:1800+30"]

1. Nf3 Nf6 2. c4 b6 3. g3 Bb7 4. Bg2 e6 5. O-O Be7 6. d4 O-O 7. Nc3 Ne4 8. Bd2 Bf6 9. Rc1 d6 10. d5 Nxc3 11. Bxc3 Bxc3 12. Rxc3 e5 13. e4 a5 14. Nd2 Nd7 15. Bh3 Nc5 16. b3 {[%emt 0:02:41] The position is equal.} Qf6 17. a3 Qh6 18. Kg2 c6 (18... Bc8 $11 19. Bxc8 Rfxc8) 19. b4 $14 axb4 20. axb4 Na4 21. Re3 {[%emt 0:04:39] Threatens to win with Bd7.} cxd5 (21... b5 $1 $11) 22. cxd5 Bc8 {[%emt 0:00:13] Prevents Bd7.} 23. Bxc8 Rfxc8 {[%emt 0:00:05] [#]} 24. Qa1 (24. Qb1 $1 $16) 24... g6 25. Rc1 {[%emt 0:01:46] Against Rc2. aiming for Rxc8+.} Nc3 $1 26. Qb2 Na4 {[%emt 0:02:30] [#]} (26... Ra2 $2 27. Qxa2 Nxa2 28. Rxc8+ Kg7 29. Nc4 $18) (26... Nb5 $1 $14) 27. Qb1 $1 $16 b5 28. Rc6 Qg5 29. Qd3 (29. Rxd6 Qe7 30. Rc6 Rxc6 31. dxc6 Rc8) 29... Nb2 $2 {[%emt 0:00:41] This costs Black the game.} (29... Rcb8 $16 30. Rxd6 Qe7) 30. Qc2 $18 ({Don't take} 30. Qxb5 $6 Nd1 31. Re2 Nc3) 30... Rxc6 (30... Nc4 {was necessary.}) 31. dxc6 (31. Qxc6 Qd8 32. Qxb5 Kg7 $18) 31... Na4 32. Qd3 Nb2 33. Qxb5 Nd1 34. Rd3 Ra2 35. c7 Rxd2 36. c8=Q+ ({Less strong is} 36. c8=R+ Kg7 37. Rxd2 Qxd2 $14) 36... Kg7 37. Rxd2 (37. Qbe8 $142 Rxf2+ 38. Kg1 Rf1+ 39. Kxf1 Qf6+ 40. Ke2 Qf2+ 41. Kxd1 Qf1+ 42. Kc2) 37... Qxd2 38. Qb6 Qe1 39. Qc4 {[%emt 0:00:41] Weighted Error Value: White=0.08 (flawless) /Black=0.90.  Loses game:     	---       	Black=1      Mistake:       	White=1     	Black=4      Inaccurate:     	White=1     	Black=2      OK:         	White=10    	Black=7      Best:        	White=1     	---        Strong:       	---       	Black=1} (39. Qc2 $142 d5 40. exd5 Nc3 41. Qe3 Qxe3 42. fxe3 Nxd5 43. Qc5 Nxb4 44. Qxb4) 1-0

[Event "WSTCC-50 2024"]
[Site "Krakow"]
[Date "2024.07.06"]
[Round "5.1"]
[White "Belakovskaia, Anjelina"]
[Black "Plotkin, Victor"]
[Result "1/2-1/2"]
[ECO "C42"]
[WhiteElo "2171"]
[BlackElo "2264"]
[Annotator "RC"]
[PlyCount "77"]
[EventDate "2024.07.01"]
[EventType "team-tourn"]
[EventCountry "POL"]
[SourceTitle "playchess.com"]
[Source "ChessBase"]
[SourceQuality "1"]
[TimeControl "40/5400+30:1800+30"]

1. e4 e5 2. Nf3 Nf6 3. Nxe5 d6 4. Nf3 Nxe4 5. Nc3 Nxc3 6. dxc3 Be7 7. Be3 Nc6 8. Qd2 Be6 9. O-O-O Qd7 10. Kb1 a6 11. h3 h6 12. Nd4 Nxd4 13. Bxd4 Rg8 14. f4 c5 15. Be3 O-O-O 16. g4 f5 17. g5 Rge8 18. Qf2 Bf8 19. Bg2 Bxa2+ 20. Kxa2 Qe6+ 21. Rd5 Qxe3 22. Qxe3 Rxe3 23. Rxf5 hxg5 24. fxg5 Be7 25. h4 g6 26. Rf7 d5 27. h5 gxh5 28. Rxh5 Rg8 29. Bxd5 Rxg5 30. Rxg5 Bxg5 31. Bxb7+ Kd8 32. Bxa6 Be7 33. Bd3 Kc7 34. Kb3 Kb6 35. Kc4 Re5 36. Rf4 Rh5 37. b4 Rh4 38. bxc5+ Kc7 39. Rd4 1/2-1/2

[Event "WSTCC-50 2024"]
[Site "Krakow"]
[Date "2024.07.06"]
[Round "5.1"]
[White "Baginskaite, Kamile"]
[Black "Csonkics, Tunde"]
[Result "1/2-1/2"]
[ECO "D18"]
[WhiteElo "2057"]
[BlackElo "1995"]
[Annotator "NA RC"]
[PlyCount "20"]
[EventDate "2024.07.01"]
[EventType "team-tourn"]
[EventCountry "POL"]
[SourceTitle "playchess.com"]
[Source "ChessBase"]
[SourceQuality "1"]
[TimeControl "40/5400+30:1800+30"]

1. Nf3 d5 2. d4 Nf6 3. c4 c6 4. Nc3 dxc4 5. a4 Bf5 6. e3 e6 7. Bxc4 Bb4 8. O-O O-O 9. Qb3 Qb6 10. Ne5 Nbd7 1/2-1/2